Map: Ancient Cistern LE

Players

IIIIIIIIIIII - Winner!

  • Race: Terran Terran
  • League: Master
  • Spawn Location: 7:00

SpacemonkeY

  • Race: Protoss Protoss
  • League: Master
  • Spawn Location: 1:00

VOD

Have the link to the VOD?

Description

Time

  • Played on: Feb. 14, 2023, 12:07 p.m.
  • Length: 12:34
Show
View Real Time Build Order
Export as new Build Order

IIIIIIIIIIII Terran - Winner!

Build Orders: Reaper Expand 

Get SALT Encoding   

  12  0:00  SCV  
  13  0:12  SCV  
  14  0:17  Supply Depot  
  14  0:24  SCV  
  15  0:38  SCV  
  15  0:39  Barracks  
  16  0:43  Refinery  
  16  0:50  SCV  
  17  1:02  SCV  
  18  1:15  SCV  
  19  1:26  Reaper  
  19  1:27  Orbital Command  
  20  1:44  Command Center  
  20  1:50  Supply Depot  
  21  1:54  SCV  
  21  1:58  Marine  
  22  2:06  SCV  
  23  2:10  Factory  
  23  2:17  Bunker  
  23  2:19  SCV  
  23  2:22  Barracks Reactor  
  24  2:32  Refinery  
  24  2:33  SCV  
  24  2:45  SCV  
  25  2:56  Hellion  
  25  2:57  SCV  
  28  2:58  Orbital Command, Starport  
  28  3:00  Marine  
  28  3:04  Marine  
  30  3:09  SCV  
  31  3:18  Marine  
  31  3:19  Factory Tech Lab  
  32  3:21  SCV  
  32  3:22  Marine  
  32  3:25  SCV  
  35  3:28  Supply Depot  
  35  3:33  SCV  
  36  3:35  Starport Tech Lab  
  36  3:36  Marine  
  36  3:39  Marine, SCV  
  39  3:45  SCV  
  43  3:50  Siege Tank  
  43  3:52  Supply Depot, SCV  
  44  3:58  SCV  
  44  4:01  Raven  
  44  4:02  Marine x2  
  47  4:04  SCV  
  48  4:10  SCV  
  48  4:15  Barracks  
  48  4:16  SCV  
  50  4:17  Barracks  
  50  4:21  Engineering Bay  
  50  4:24  SCV  
  51  4:28  SCV, Siege Tank  
  55  4:31  Refinery  
  55  4:35  Marine x2  
  55  4:36  SCV  
  58  4:40  SCV  
  59  4:47  Supply Depot  
  59  4:48  Terran Infantry Weapons Level 1, SCV  
  59  4:49  Supply Depot  
  60  4:52  SCV  
  60  4:56  Starport Reactor  
  61  5:00  SCV  
  62  5:08  SCV, Marine x2  
  62  5:13  Stimpack, Marine x2  
  67  5:15  SCV  
  67  5:19  Refinery  
  68  5:21  Combat Shield  
  68  5:23  Factory Tech Lab  
  68  5:24  Supply Depot  
  68  5:26  Marine x2  
  70  5:31  Marine x2  
  70  5:34  SCV x2  
  70  5:35  Supply Depot  
  74  5:44  Marine x2  
  74  5:49  Marine x2  
  78  5:50  Medivac  
  78  5:53  Siege Tank  
  83  5:58  Barracks  
  83  5:59  Barracks  
  83  6:01  Marine x2  
  84  6:20  Marauder x2  
  84  6:25  Siege Tank  
  90  6:29  Marine x2  
  90  6:32  Medivac  
  94  6:34  Supply Depot  
  94  6:38  Supply Depot  
  94  6:39  Medivac, SCV  
  98  6:40  SCV  
  98  6:49  Marine x2  
  98  6:50  Marine x2  
  98  6:53  Concussive Shells  
  102  6:56  Marauder  
  102  6:57  SCV x2  
  102  6:59  Supply Depot  
  106  7:15  Medivac  
  106  7:16  Medivac, Siege Tank  
  106  7:17  Marauder, Marine x2  
  106  7:18  Marine  
  106  7:20  Marine  
  119  7:25  Supply Depot  
  119  7:31  Marauder  
  119  7:34  Marine  
  119  7:35  Marine  
  112  7:45  Marine x3  
  112  7:47  Medivac x2  
  119  7:52  Marine  
  115  7:59  Marine  
  115  8:00  Marine  
  115  8:01  Siege Tank  
  115  8:02  Marine  
  115  8:08  Marauder, Marine  
  115  8:11  Marauder  
  120  8:17  Marine x2  
  122  8:20  Marine  
  122  8:26  Marine  
  123  8:29  Marine  
  114  8:34  Marine  
  114  8:35  Marine, Siege Tank  
  103  8:47  Marauder  
  104  8:52  Marauder  
  104  8:53  Marine x4  
  108  8:56  SCV x2  
  108  8:57  Terran Infantry Armor Level 1  
  108  9:00  Command Center  
  114  9:06  Liberator x2  
  114  9:09  Marauder  
  118  9:10  Marine  
  118  9:11  Marine  
  118  9:12  Marine  
  118  9:13  Marine x2  
  123  9:28  Marine  
  123  9:29  Marine x2  
  126  9:35  Siege Tank  
  126  9:37  Marauder x2, Marine  
  134  9:47  Marine x2  
  134  9:51  Marine  
  126  9:58  Marauder x2  
  120  10:08  Marine  
  120  10:09  Marine  
  120  10:10  Siege Tank  
  120  10:13  Marine x2  
  125  10:20  Marauder x2  
  129  10:26  Marine x2  
  126  10:31  Marine  
  126  10:33  SCV  
  126  10:34  SCV  
  129  10:41  Marauder x2  
  133  10:46  SCV  
  112  11:00  Marine x2  
  112  11:02  Marauder x2  
  116  11:07  Medivac x2, Marine x2  
  116  11:08  Siege Tank  
  125  11:14  SCV x2  
  125  11:15  Orbital Command  
  125  11:18  Marine  
  127  11:19  Marine  
  127  11:24  Marauder x2  
  131  11:26  SCV  
  131  11:30  Marine x2  
  124  11:36  Marine  
  124  11:37  Marine  
  125  11:45  Marauder x2  
  125  11:48  Marine x2  
  125  11:49  Medivac x2, Siege Tank  
  125  11:54  Marine  
  134  11:57  SCV x3  
  134  11:59  Marine  
  132  12:05  Marine  
  132  12:06  Marauder  
  132  12:07  Marauder  
  131  12:09  SCV, Marine  
  131  12:11  Marine, Barracks  
  131  12:13  Barracks  
  131  12:14  Barracks x2  
  132  12:23  Missile Turret  
Show
View Real Time Build Order
Export as new Build Order

SpacemonkeY Protoss 

Build Orders: 1 Gate Expand, Blink Stalkers 

Get SALT Encoding   

  12  0:00  Probe  
  13  0:12  Probe  
  14  0:17  Pylon  
  14  0:24  Probe (Chrono Boost)  
  15  0:36  Probe (Chrono Boost)  
  15  0:37  Gateway  
  16  0:45  Assimilator, Probe (Chrono Boost)  
  17  0:51  Probe  
  18  1:03  Probe  
  19  1:15  Probe  
  20  1:24  Cybernetics Core  
  20  1:34  Nexus  
  20  1:38  Pylon  
  20  1:42  Probe  
  20  1:47  Assimilator  
  20  1:54  Probe  
  21  1:58  Adept (Chrono Boost)  
  21  2:00  Warp Gate  
  23  2:06  Probe  
  24  2:18  Probe  
  24  2:20  Adept  
  27  2:30  Probe  
  27  2:34  Twilight Council  
  29  2:46  Probe (Chrono Boost)  
  29  2:47  Probe (Chrono Boost)  
  30  2:52  Stalker, Gateway  
  30  2:56  Probe (Chrono Boost)  
  30  2:58  Probe (Chrono Boost)  
  34  3:01  Probe (Chrono Boost)  
  34  3:03  Blink (Chrono Boost)  
  35  3:06  Probe  
  36  3:13  Probe  
  36  3:18  Probe  
  38  3:25  Robotics Facility, Probe  
  39  3:30  Probe  
  40  3:37  Probe  
  40  3:38  Pylon  
  41  3:43  Probe  
  42  3:49  Probe  
  43  4:00  Probe  
  43  4:01  Probe  
  45  4:04  Stalker x2  
  49  4:12  Nexus  
  49  4:13  Pylon  
  49  4:14  Probe  
  49  4:15  Probe  
  51  4:19  Observer  
  52  4:27  Probe x2  
  54  4:31  Assimilator  
  54  4:34  Stalker x2  
  54  4:35  Pylon  
  58  4:39  Probe x2  
  58  4:40  Charge  
  60  4:49  Pylon  
  60  4:51  Probe x2  
  62  4:54  Observer  
  62  4:57  Shield Battery  
  63  5:03  Shield Battery, Probe x2  
  63  5:06  Forge  
  65  5:10  Pylon  
  65  5:15  Probe (Chrono Boost)  
  65  5:16  Probe (Chrono Boost)  
  65  5:19  Gateway  
  65  5:20  Gateway  
  67  5:22  Gateway  
  67  5:25  Probe (Chrono Boost)  
  67  5:28  Probe x2 (Chrono Boost)  
  71  5:35  Probe (Chrono Boost)  
  71  5:46  Protoss Ground Armor Level 1 (Chrono Boost)  
  71  5:47  Gateway  
  71  5:49  Gateway  
  71  5:50  Gateway  
  71  5:54  Sentry x2  
  71  5:55  Observer  
  76  5:57  Probe x3  
  79  6:09  Probe x2  
  79  6:10  Probe  
  81  6:21  Probe, Zealot x5  
  81  6:22  Probe  
  81  6:24  Pylon  
  93  6:25  Pylon  
  93  6:26  Pylon  
  93  6:29  Pylon  
  93  6:30  Assimilator x2  
  93  6:34  Dark Shrine  
  93  6:39  Probe x2  
  96  6:40  Photon Cannon, Probe  
  96  6:43  Zealot x5  
  106  6:51  Robotics Bay, Probe  
  106  6:52  Probe x2  
  113  6:54  Immortal  
  113  7:03  Probe  
  113  7:04  Probe x2  
  116  7:15  Stalker x3  
  120  7:17  Nexus  
  120  7:20  Pylon  
  122  7:25  Pylon  
  122  7:28  Zealot x5  
  132  7:30  Protoss Ground Weapons Level 1 (Chrono Boost)  
  132  7:38  Pylon  
  117  7:44  Stalker x3  
  117  7:49  Zealot  
  117  7:50  Zealot x4  
  107  8:09  Stalker  
  107  8:10  Stalker  
  107  8:11  Colossus (Chrono Boost), Zealot x4  
  107  8:12  Zealot x2  
  127  8:17  Extended Thermal Lance  
  93  8:42  Zealot x3  
  93  8:43  Zealot x5  
  97  8:56  Probe x4  
  97  9:01  Colossus (Chrono Boost), Assimilator  
  101  9:04  Shield Battery  
  101  9:06  Stalker x2  
  101  9:07  Stalker  
  101  9:08  Shield Battery, Probe  
  101  9:09  Probe x3  
  117  9:13  Templar Archives  
  117  9:17  Pylon  
  117  9:18  Photon Cannon  
  117  9:20  Probe  
  117  9:21  Protoss Ground Armor Level 2 (Chrono Boost), Probe  
  119  9:24  Stalker, Zealot x2  
  119  9:25  Zealot  
  127  9:33  Zealot x3  
  127  9:34  Zealot  
  135  9:44  Colossus (Chrono Boost)  
  119  9:56  Stalker x4, Zealot x4  
  114  10:20  Zealot x6  
  114  10:21  Zealot x2  
  120  10:39  Disruptor  
  120  10:40  Stalker x6  
  135  10:45  Nexus  
  135  10:46  Pylon  
  111  10:56  Zealot x2  
  101  11:03  Zealot x6  
  82  11:15  Robotics Facility  
  82  11:22  Zealot x2  
  84  11:27  Zealot x6  
  71  11:43  Zealot x2  
  70  11:47  Zealot x4  
  70  11:48  Zealot x2  
  54  12:06  Stalker, Zealot x4  
  54  12:07  Zealot x3  
  65  12:13  Probe (Chrono Boost)  
  58  12:23  Probe (Chrono Boost)  
Tags
 
Add a new tag
Caveats
  • Supply blocks, unpowered buildings, or Contaminate may cause inaccurate times.
  • Supply counts are checked every 10 seconds.